 Dungeon Crawl Stone Soup version 0.22-a0-271-gc000056 (webtiles) character file.

191 varam the Sneak (level 6, -1/34 HPs)
             Began as a Kobold Artificer on Mar 11, 2018.
             Slain by Duvessa
             ... wielding a +1 rapier of draining
              (2 damage)
             ... on level 4 of the Dungeon.
             The game lasted 00:13:29 (3241 turns).

varam the Sneak (Kobold Artificer)                  Turns: 3241, Time: 00:13:30

Health: -1/34      AC:  4    Str:  9    XL:     6   Next: 2%
Magic:  8/8        EV: 14    Int: 13    God:
Gold:   92         SH:  0    Dex: 17    Spells: 6/8 levels left

rFire    . . .     SeeInvis .   a - +0 short sword
rCold    . . .     Gourm    .   (shield restricted)
rNeg     . . .     Faith    .   b - +0 leather armour
rPois    .         Spirit   .   (no helmet)
rElec    .         Reflect  .   l - +0 cloak
rCorr    .         Harm     .   (no gloves)
MR       .....                  (no boots)
Stlth    ++........             (no amulet)
HPRegen  0.11/turn              (no ring)
MPRegen  0.11/turn              (no ring)

@: flying, drained
A: small, carnivore
a: no special abilities


You were on level 4 of the Dungeon.
You were completely stuffed.

You visited 1 branch of the dungeon, and saw 5 of its levels.

You collected 92 gold pieces.

Inventory:

Hand Weapons
 a - a +0 short sword (weapon)
 h - a +0 dagger of venom
Armour
 b - a +0 leather armour (worn)
 l - a +0 cloak (worn)
 n - a +0 pair of gloves
Wands
 c - a wand of flame (14)
 d - a wand of enslavement (8)
 e - a wand of random effects (8)
Scrolls
 g - 3 scrolls of identify
 i - 2 scrolls of blinking {unknown}
 k - a scroll of amnesia {unknown}
 m - a scroll of magic mapping {unknown}
 o - a scroll of fear {unknown}
 p - 2 scrolls of random uselessness
 s - a scroll of enchant armour {unknown}
 t - a scroll of remove curse {unknown}
Potions
 j - a potion of flight
 q - a potion of lignification {unknown}
 r - a potion of degeneration {unknown}
Comestibles
 f - 3 rations
 u - 6 chunks of flesh


   Skills:
 - Level 1.1(0.2) Fighting
 - Level 3.5(2.6) Short Blades
 - Level 2.4(1.5) Dodging
 - Level 4.3(3.4) Stealth
 + Level 1.8(0.9) Spellcasting
 + Level 1.8(0.9) Hexes
 + Level 1.8(0.9) Ice Magic
 - Level 3.6(2.7) Evocations


You had 6 spell levels left.
You knew the following spells:

 Your Spells              Type           Power        Failure   Level  Hunger
a - Ensorcelled Hibernat  Hex/Ice        #.....       38%         2    ###....


Dungeon Overview and Level Annotations

Branches:
Dungeon (5/15)
 Temple: D:4-7

Altars:
Ru
Trog

Annotations:
D:4 Duvessa


Innate Abilities, Weirdness & Mutations

You are small and have problems with some larger weapons.
You are carnivorous and can eat meat at any time.


Message History

p - 2 scrolls of random uselessness Duvessa hits you but does no damage.
You feel drained.
Duvessa hits you with a rapier of draining.
* * * LOW HITPOINT WARNING * * *
You feel drained.
* * * LOW HITPOINT WARNING * * *
Okay, then.
Okay, then.
Evoke which item? (* to show all) (? for menu, Esc to quit)
Aiming: Random Effects
Press: ? - help, Shift-Dir - straight line, f/p - Duvessa
Aim: Duvessa, wielding a rapier of draining, wearing a leather armour and wearing a tubular bone ring (heavily wounded, berserk, fast, unusually strong)
Okay, then.
Evoke which item? (* to show all) (? for menu, Esc to quit)
Aiming: Enslavement
Press: ? - help, Shift-Dir - straight line, f/p - Duvessa
Aim: Duvessa, wielding a rapier of draining, wearing a leather armour and wearing a tubular bone ring (heavily wounded, berserk, fast, unusually strong, chance to defeat MR: 36%) Duvessa easily resists.
Duvessa hits you with a rapier of draining.
You die...

#..........###.....=. . #
#...>...##........... ..
#.#....##..#...(..)....
...#.#....###.#...........
..........###.............
............[...........##
...........)............#
.......?...)..#.........#
.........@.####...........
.........e).......#####+#.
..?...............#
..................#
...........)......#
.................##
######..........#
#..........# #..........


You could see Duvessa (berserk).

Vanquished Creatures
  Dowan (D:4)
  An orc priest (D:4)
  3 adders
  An ooze (D:2)
  A dart slug (D:2)
  A leopard gecko (D:2)
  8 orcs
  4 bats
  A giant cockroach (D:2)
  7 goblins
  6 hobgoblins
  2 jackals (D:2)
  7 kobolds
  A quokka (D:3)
  5 frilled lizards
  4 rats
53 creatures vanquished.

Vanquished Creatures (collateral kills)
  Natasha (D:4)
  An adder (D:4)
2 creatures vanquished.

Vanquished Creatures (others)
  A worker ant (D:4)
1 creature vanquished.

Grand Total: 56 creatures vanquished

Notes
Turn   | Place    | Note
-------+----------+-------------------------------------------
     0 | D:1      | varam the Kobold Artificer began the quest for the Orb.
     0 | D:1      | Reached XP level 1. HP: 12/12 MP: 3/3
   174 | D:1      | Reached skill level 2 in Short Blades
   174 | D:1      | Reached skill level 2 in Stealth
   337 | D:1      | Reached XP level 2. HP: 16/16 MP: 4/4
  1149 | D:2      | Reached skill level 3 in Short Blades
  1149 | D:2      | Reached skill level 3 in Stealth
  1149 | D:2      | Reached XP level 3. HP: 7/20 MP: 5/5
  1634 | D:2      | Found a sacrificial altar of Ru.
  1861 | D:2      | Reached XP level 4. HP: 20/25 MP: 6/6
  1938 | D:2      | Reached skill level 4 in Stealth
  2633 | D:3      | Learned a level 2 spell: Ensorcelled Hibernation
  2661 | D:3      | Noticed a phantom
  2673 | D:3      | Found a bloodstained altar of Trog.
  2862 | D:4      | Noticed Natasha
  2869 | D:4      | Killed Natasha
  2880 | D:4      | Reached XP level 5. HP: 19/29 MP: 7/7
  2914 | D:4      | Reached skill level 1 in Spellcasting
  2914 | D:4      | Reached skill level 1 in Hexes
  2914 | D:4      | Reached skill level 1 in Ice Magic
  2920 | D:5      | Entered Level 5 of the Dungeon
  3228 | D:4      | Noticed Duvessa
  3231 | D:4      | Noticed Dowan
  3235 | D:4      | Killed Dowan
  3235 | D:4      | Reached XP level 6. HP: 29/34 MP: 8/8
  3240 | D:4      | HP: 3/34 [Duvessa/rapier of draining (5)]
  3240 | D:4      | HP: 1/34 [Duvessa/rapier of draining (2)]
  3241 | D:4      | Slain by Duvessa

Vault maps used:
D:1:      evilmike_arrival_rings, st_stairs_10
D:2:      lemuel_coloured_pillars_altar, minmay_box_of_dots
D:3:      old_standard_altar, uniq_terence
D:4:      corexii_shantytown, corner_web_ring, uniq_duvessa, uniq_natasha,
          uniq_eustachio
D:5:      grunt_temple_overflow_magic_moments, bloody_makhleb,
          kennysheep_mini_moat, first_ration

Skill      XL: |  1  2  3  4  5 |
---------------+----------------+-----
Short Blades   | 2 3 |  3.5
Stealth        | 2 3 4 |  4.3
Spellcasting   | 1 |  1.8
Hexes          | 1 |  1.8
Ice Magic      | 1 |  1.8
Fighting       | |  1.1
Dodging        | |  2.4
Evocations     | |  3.6

Action                   |  1- 3 |  4- 6 || total
-------------------------+-------+-------++-------
Melee: Short sword       |   135 |    68 ||   203
Evoke: Wand              |       |    15 ||    15
  Use: Scroll            |       |     1 ||     1
       Potion            |       |     1 ||     1
 Stab: Sleeping          |     5 |     6 ||    11
  Eat: Chunk             |    11 |     5 ||    16
Armor: Leather armour    |    19 |    18 ||    37
Dodge: Dodged            |    69 |    64 ||   133

Table legend:
 A = Spawn XP
 B = Non-spawn XP
 C = Spawn XP percentage of total XP
 D = Spawn monster count
 E = Non-spawn monster count
 F = Spawn count percentage of total count
 G = Total turns spent on level
                    A         B        C        D         E        F      G
               +---------+---------+-------+---------+---------+-------+---------
         Total |       0 |     274 |   0.0 |       0 |      55 |   0.0 |  3241
               +---------+---------+-------+---------+---------+-------+---------
           D:1 |       0 |      28 |   0.0 |       0 |      19 |   0.0 |  1099
           D:2 |       0 |      56 |   0.0 |       0 |      19 |   0.0 |  1416
           D:3 |       0 |      16 |   0.0 |       0 |       7 |   0.0 |   293
           D:4 |       0 |     174 |   0.0 |       0 |      10 |   0.0 |   430
               +---------+---------+-------+---------+---------+-------+---------
